Workbook
Name ACCOUNTEDPERIODTYPE1: #REF!
Name APPSUSERNAME1: #REF!
Name CHARTOFACCOUNTSID1: #REF!
Name Check1: #REF!
Name Check2: #REF!
Name Check2_: #REF!
Name Check3: #REF!
Name ClosingDate: #REF!
Name CodeGLDIContextButton: [1]!CodeGLDIContextButton
Name CodeGLDIHeaderButton: #REF!
Name Company: #REF!
Name CONNECTSTRING1: #REF!
Name Contact: #REF!
Name CostCentre: #REF!
Name CREATESUMMARYJNLS1: #REF!
Name Credit: [2]Reference!$B$14:$N$32
Name CRITERIACOLUMN1: #REF!
Name d: '[3]P&L'!$Y$4
Name DBNAME1: #REF!
Name DBUSERNAME1: #REF!
Name DELETELOGICTYPE1: #REF!
Name div_rate: [4]IN!#REF!
Name drivers: #REF!
Name EUR_Old: #REF!
Name EURperSTG: #REF!
Name FFAPPCOLNAME1_1: #REF!
Name FFAPPCOLNAME2_1: #REF!
Name FFAPPCOLNAME3_1: #REF!
Name FFSEGMENT1_1: #REF!
Name FFSEGMENT2_1: #REF!
Name FFSEGMENT3_1: #REF!
Name FFSEGSEPARATOR1: #REF!
Name FIELDNAMECOLUMN1: #REF!
Name FIELDNAMEROW1: #REF!
Name FIRSTDATAROW1: #REF!
Name FNDNAM1: #REF!
Name FNDUSERID1: #REF!
Name frf: #REF!
Name FUNCTIONALCURRENCY1: #REF!
Name G: #REF!
Name GL: #REF!
Name GWYUID1: #REF!
Name H: #REF!
Name IMPORTDFF1: #REF!
Name Input_Area: #REF!
Name j: #REF!
Name JASON: #REF!
Name jj: #REF!
Name k: #REF!
Name kj: #REF!
Name LABELTEXTCOLUMN1: #REF!
Name LABELTEXTROW1: #REF!
Name Libor_Curve: #REF!
Name Log_Mointor: #REF!
Name mnth_end_date: #REF!
Name mnth_name: #REF!
Name mnth_nmbr: #REF!
Name Month: #REF!
Name Months: #REF!
Name Moodys_Clear_Area: #REF!,#REF!,#REF!

Sheet Part 1 and 2 Reporting data
A1: Duncan Funding 2024 PLC
A3: =VLOOKUP([5]MONTHLY_CHECKS!$C$3,[5]TABLES!$B$4:$C$16,2,FALSE)&" "&YEAR([5]MONTHLY_CHECKS!$C$2) -> September 2026
A7: General Information | H7: Additional Information
A8: Distribution Date | D8: 46295 | H8: Prospectus | K8: www.tsb.co.uk/investors/debt-investors/securitisation
A9: Reporting / Collection Period | D9: 1st September 2026 - 30th September 2026 | H9: Investor Reporting | K9: www.tsb.co.uk/investors/debt-investors/securitisation
A10: Accrual Period | D10: 22nd July 2026 - 21st October 2026 | H10: Transaction Documentation | K10: www.tsb.co.uk/investors/debt-investors/securitisation
A11: Number of days in interest period | D11: 92 | H11: Loan Level Reporting | K11: www.tsb.co.uk/investors/debt-investors/securitisation
A12: Last Payment Date | D12: 22nd October 2026 | H12: Cashflow Model | K12: www.tsb.co.uk/investors/debt-investors/securitisation
A13: Next Payment Date | D13: 22nd January 2027
A14: Index | D14: Compounded Daily SONIA
A15: Portfolio Currency | D15: GBP (£) | H15: Monthly Report Content
H16: General information | K16: Page 1
H17: Portfolio Characteristics | K17: Page 3
A18: Transaction Counterparties | H18: Mortgage Assets Data | K18: Page 4 to Page 6
A19: Issuer | D19: Duncan Funding 2024-1 Plc | H19: Capital Structure | K19: Page 7
A20: Issuer LEI code | D20: 635400PGAEKS4EJD2S26 | H20: Credit Enhancement | K20: Page 8
A21: Seller | D21: TSB Bank Plc | H21: Swaps | K21: Page 9
A22: Security / Note Trustee | D22: BNY Mellon Corporate Trustee Service Ltd | H22: Waterfall | K22: Page 10
A23: Share Trustee | D23: CSC Corporate Services UK Ltd | H23: Ledgers | K23: Page 11
A24: Agent Bank and Principal Paying Agent | D24: The Bank of New York Mellon, London Branch | H24: Ratings and Triggers | K24: Page 12 to Page 14
A25: Issuer and Swap Collateral Account Bank | D25: The Bank of New York Mellon, London Branch | H25: Glossary and Definitions | K25: Page 15 to Page 16
A26: Cash Manager | D26: TSB Bank Plc
A27: Collection Account Bank | D27: TSB Bank Plc
A28: Corporate Services Provider | D28: CSC Capital Markets UK Ltd
A29: Servicer | D29: TSB Bank Plc | H29: Contact Details
A30: Start Up Loan Provider | D30: TSB Bank Plc | H30: Katherine Sinclair | K30: securedfunding@tsb.co.uk
A31: Interest Rate Provider | D31: TSB Bank Plc
A32: Back-up Interest Rate Provider | D32: Lloyds Bank Corporate Markets plc
A33: Back-Up Servicing Facilitator | D33: CSC Capital Markets UK Ltd
A34: Arranger | D34: Citigroup Global Markets Limited
A35: Lead Managers | D35: Banco de Sabadell, S.A. / Merrill Lynch International / BNP Paribas / Santander Corporate and Investment Banking / Citigroup Global Markets Limited | H35: TSB Bank Plc Registered Address | K35: Henry Duncan House, 120 George Street, Edinburgh
K36: EH2 4LH
A37: Dematerialised Note Registrar | D37: TSB Bank Plc | H37: TSB Bank Plc Address for Correspondence | K37: Barnwood 2, Barnett Way, Gloucester, GL4 3DU
A38: Subordinated Noteholder | D38: TSB Bank Plc
A58: =A3 -> September 2026
A60: Disclaimer
A63: This document should not be distributed to any U.S. Persons (as such term is defined in Regulation S under the U.S. Securities Act) or to any person or address in the U.S. other then to Qualified Institutional Buyers
A66: The notes were awarded a quality label by the Prime Collateralised Securities initiative (PCS) on 27 May 2016. For further information on PCS and the label see www.pcsmarket.org. As a condition of being awarded the label, TSB Bank plc has agreed to make the following disclosures.
A68: PCS Disclosure In relation to the representations warranties and undertakings required pursuant to item 1 (d) (viii) of the PCS Rulebook please refer to the Originator’s Certificate and Prospectus. The information and documents required by PCS Eligibility Criteria 3(b)(vii)(A) and disclosed in “Listing and General Information”, paragraph 9, page 276 of the Prospectus shall be made available until the date the last note is redeemed in full. The transaction documents are also available at https://boeportal.co.uk/GlobalPortal/Account/Login.aspx. Loan level data relating to the pool is also available at the aforementioned website and is updated on a quarterly basis. Such information will remain available until the date the last note is redeemed in full.
A70: At the date of the issuance of the notes, a cash flow model for the transaction was made available on the third-party, proprietary services offered by Intex and ABSnet. TSB Bank plc has not endorsed and does not accept any responsibility for such third-party models. The liability only cash flow model required by the Bank of England Market Notice dated 30 November 2010 is available at https://boeportal.co.uk/GlobalPortal/Account/Login.aspx. At least one such cash flow model will remain available until the date the last note is redeemed in full.
A71: Legal Disclaimer
A72: The following document has been prepared by TSB Bank plc. The document is provided to you for information purposes only. The document is not intended as an offer or solicitation for the purchase or sale of any financial instrument and does not comprise a prospectus for the purposes of the EU directive 2003/71/EC and/or Part VI of the Financial Services and Markets Act 2000 of the United Kingdom or otherwise.
A73: This document does not constitute an offer or a solicitation with respect to any securities in the United States. Furthermore, the Notes have not been and will not be registered under the United States Securities Act of 1933, as amended (the Securities Act) or with any securities regulatory authority of any state or other jurisdiction of the United States and may not be offered, sold or delivered within the United States or to or for the account or benefit of U.S. persons (as defined in Regulation S under the Securities Act (Regulation S) except to persons that are qualified institutional buyers within the meaning of Rule 144A (Rule 144A) under the Securities Act (QIBs), or pursuant to an exemption from, or in a transaction not subject to, the registration requirements of the Securities Act and applicable state securities laws. Accordingly, the Notes are being offered, sold or delivered only to (i) non-U.S. persons (as defined in Regulation S under the Securities Act (Regulation S)) outside the United States in reliance on Regulation S, or (ii) QIBs in reliance on Rule 144A.
A74: Whilst every effort has been taken to ensure that the document is accurate, current, complete, fit for its intended purpose and compliant with the relevant United Kingdom legislation and regulations as the date of issue, TSB Bank plc does not warrant that this document is accurate, current, complete, fit for its intended purpose and compliant with the relevant United Kingdom legislation and regulations as errors might occur due to circumstances which are beyond our control. In particular, TSB Bank plc does not warrant that any market data or prices are complete or accurate.
A75: Any opinions or estimates expressed in the document may be subject to change without notice and TSB Bank plc is under no obligation to update its opinions, estimates or other of its affiliates, accept any liability whatsoever for any direct or inconsequential loss arising from any use of this document or its contents. Investors should not subscribe for any securities referred to herein except on the basis of information contained in the prospectus.
A77: Please remember that past performance is not necessarily a guide to future performance. The value of instruments and the income from them can go down as well as up. Columns stating percentage amounts may not add to 100% due to rounding.
A87: This document is also available for downloading in Excel and PDF format from www.tsb.co.uk/investors/debt-investors/securitisation. In the event of any differences in the data between the Excel and PDF formats of the report, the PDF report should always be assumed to be correct. Whilst every attempt is made to keep the format and content of the Excel report the same each month, TSB Bank plc cannot be held responsible for any changes and the implications it may have for any third parties own spreadsheet links and macros.
A88: =A58 -> September 2026
A90: Portfolio Characteristics
A93: Portfolio Characteristics | D93: At Issue* | E93: Current Period | F93: Prior Period | H93: Portfolio Movements | J93: Current Period | L93: Transaction to Date
A94: Number of Mortgage Accounts in Portfolio | D94: 3176 | E94: =C144 -> 2878 | F94: 2949 | J94: No of Accounts | K94: Balance | L94: No of Accounts | M94: Balance
A95: Current Balance of Mortgage Accounts in Portfolio | D95: 5.5734386e+08 | E95: =E144 -> 4.7788405e+08 | F95: 4.9226819e+08 | H95: Opening Total/Portfolio Purchased | J95: 2949 | K95: 4.9226819e+08 | L95: =D94 -> 3176 | M95: =D95 -> 5.5734386e+08
H96: Add Pool Additions, out of which: | J96: =SUM(J97:J98) -> 0 | K96: =SUM(K97:K98) -> 0 | L96: =SUM(L97:L98) -> 503 | M96: =SUM(M97:M98) -> 92548661
A97: Cash and Other Assets | E97: 36854762 | F97: 21005397 | H97: New Portfolios | J97: 0 | K97: 0 | L97: 503 | M97: 92548661
A98: Mortgage Collections in Period | E98: 15758473 | F98: 7939874.9 | H98: Further Advances | J98: 0 | K98: 0 | L98: 0 | M98: 0
H99: Less Portfolio Repurchases, out of which | J99: =SUM(J100:J104) -> 7 | K99: =SUM(K100:K104) -> 908661.75 | L99: 103 | M99: 18119467
A100: Weighted Average Interest Rate | C100: Fixed | E100: 0.03422412 | F100: 0.03322302 | H100: Breaches of Warranties | J100: 0 | K100: 0 | L100: 9 | M100: 1730266.2
A101: Weighted Average Margin | C101: Variable** | E101: 0.016579016 | F101: 0.01487652 | H101: Breaches of New Portfolio Conditions | J101: 0 | K101: 0 | L101: 0 | M101: 0
H102: Repurchased Further Advances | J102: 7 | K102: 908661.75 | L102: 94 | M102: 16389201
A103: Weighted Average Pre-Swap Mortgage Yield | E103: 0.034913439 | F103: 0.033779455 | H103: Non-Eligible Product Switches | J103: 0 | K103: 0 | L103: 0 | M103: 0
A104: Weighted Average Post-Swap Mortgage Yield | E104: 0.045740121 | F104: 0.045588793 | H104: Non-Compliant LCR Loans | J104: 0 | K104: 0 | L104: 0 | M104: 0
A105: Weighted Average Loan Seasoning (Months) | D105: 29.44 | E105: 53.15 | F105: 52.33 | H105: Less Principal Receipts/ Redemptions* | J105: =J95-E94-J99+J97 -> 64 | K105: =SUM(K106:K107) -> 13481066 | L105: 698 | M105: 1.5396657e+08
A106: Weighted Average Loan Remaining Term (Years) | D106: 25.5 | E106: 23.93 | F106: 23.96 | H106: Scheduled Principal Repayments | K106: 1226151.8 | M106: 49894024
A107: Average Mortgage Account Balance | D107: =ROUND(D95/D94,0) -> 175486 | E107: =ROUND(E249/C249,0) -> 166047 | F107: 166927 | H107: Unscheduled Principal Repayments | K107: 12254915 | M107: 1.0407254e+08
A108: Weighted Average Original LTV of Accounts, % | D108: 73.616468 | E108: 73.954946 | F108: 73.837633 | H108: Add Unpaid interest | K108: 5590.84 | M108: 77564.43
A109: Weighted Average Current Indexed LTV of Accounts, % | D109: 65.3229 | E109: 60.1291 | F109: 60.1056 | H109: Less Losses | K109: 0 | M109: 0
A110: * Weighted Average and Average balances are reported as of the first reporting period end (May-24) | H110: Closing Total | J110: =J95-J99-J105+J96 -> 2878 | K110: =K95-K105-K99+K108+K96 -> 4.7788405e+08 | L110: =L95-L99-L105+L96 -> 2878 | M110: =M95-M99-M105+M108+M96 -> 4.7788405e+08
A111: ="** Weighted Average Margin for variable rate is calculated as weighted average interest rate less BBR ("&(Sheet3!$D$101*10000)&"bps)" -> ** Weighted Average Margin for variable rate is calculated as weighted average interest rate less BBR (375bps)
H112: * Number of accounts redeemed and balance of principal collected during the period
A113: Performance Ratios | E113: Current Period | F113: Prior Period | H113: Possessions | J113: Current Period | L113: Transaction to Date
A114: Constant Prepayment Rate (CPR) - Annualised | J114: No of Accounts | K114: Balance* | L114: No of Accounts | M114: Balance*
C115: Single month | E115: 0.27765784 | F115: 0.11938733 | H115: Possessions at the start of the period | J115: 0 | K115: 0 | L115: 0 | M115: 0
C116: Quarterly | E116: 0.17622707 | F116: 0.18285186 | H116: Repossessed in period | J116: 0 | K116: 0 | L116: 0 | M116: 0
C117: Since Transaction Close | E117: 0.092753917 | F117: 0.086150206 | H117: Breach of Warranties switched out ** | J117: 0 | K117: 0 | L117: 0 | M117: 0
A118: Principal Payment Rate (PPR) - Annualised | H118: Sold possessions in the period | J118: 0 | K118: 0 | L118: 0 | M118: 0
C119: Single month | E119: 0.29953214 | F119: 0.1462344 | H119: Possessions at the end of the period | J119: =SUM(J115:J116)-SUM(J117:J118) -> 0 | K119: =SUM(K115:K116)-SUM(K117:K118) -> 0 | L119: =SUM(L115:L116)-SUM(L117:L118) -> 0 | M119: =SUM(M115:M116)-SUM(M117:M118) -> 0
C120: Quarterly | E120: 0.20151762 | F120: 0.20796908 | H120: * Where an account is in the process of being sold this balance excludes transactions associated with the sale where the sale has not fully completed
C121: Since Transaction Close | E121: 0.12757232 | F121: 0.1214309 | H121: ** Breach of Warranties also included in Portfolio Movement
A122: Constant Default Rate (CDR) - Annualised | H122: Losses | J122: Current Period | L122: Transaction to Date
C123: Single month | E123: 0 | F123: 0 | J123: No of Accounts | K123: Balance | L123: No of Accounts | M123: Balance
C124: Quarterly | E124: 0 | F124: 0 | H124: Losses (excl. Recoveries) | J124: 0 | K124: 0 | L124: 0 | M124: 0
C125: Since Transaction Close | E125: 0.0011236593 | F125: 0.0011637899 | H125: Recoveries | J125: 0 | K125: 0 | L125: 0 | M125: 0
E126: . | H126: Losses (incl. Recoveries) | J126: =SUM(J124:J125) -> 0 | K126: =SUM(K124:K125) -> 0 | L126: =SUM(L124:L125) -> 0 | M126: =SUM(M124:M125) -> 0
A127: Set Off Balances | C127: Current Period | E127: Previous Period
C128: Balance | D128: % of Mortgage | E128: Balance | F128: % of Mortgage | H128: Weighted average loss severity, %
A129: Deposit Balances | C129: 6737005.5 | D129: 0.014097573 | E129: 7137875.1 | F129: 0.014499972
A130: Deposit capped at mortgage balance | C130: 5189524 | D130: 0.010859379 | E130: 5529429.2 | F130: 0.011232554 | K130: % of Current Balance | L130: Transaction to date (£) | M130: % of Current Balance
A131: Deposit over FSCS limit | C131: 0 | D131: 0 | E131: 0 | F131: 0 | H131: Capitalised Arrears | J131: Current Period (£)
H132: Arrears Capitalised in Month | J132: 3055.95 | K132: =J132/K110 -> 6.394752e-06 | L132: 3055.95 | M132: =L132/M110 -> 6.394752e-06
A134: Arrears Analysis of Non Repossessed Mortgage Accounts
A135: Month(s) In Arrears | B135: Arrears Balance | C135: No of Accounts | D135: % of Accounts | E135: Current Balance | F135: % of Current Balance
A136: Current | B136: 0 | C136: 2863 | D136: =C136/$C$144 -> 0.99478805 | E136: 4.7550287e+08 | F136: =E136/$E$144 -> 0.99501723
A137: 0 to < 1 | B137: 2250.42 | C137: 5 | D137: =C137/$C$144 -> 0.0017373176 | E137: 820071.88 | F137: =E137/$E$144 -> 0.0017160478
A138: 1 to < 2 | B138: 7214.56 | C138: 6 | D138: =C138/$C$144 -> 0.0020847811 | E138: 667684.12 | F138: =E138/$E$144 -> 0.0013971676
A139: 2 to < 3 | B139: 3177.72 | C139: 2 | D139: =C139/$C$144 -> 0.00069492703 | E139: 324902.3 | F139: =E139/$E$144 -> 0.00067987684
A140: 3 to < 6 | B140: 0 | C140: 0 | D140: =C140/$C$144 -> 0 | E140: 0 | F140: =E140/$E$144 -> 0
A141: 6 to < 9 | B141: 24935.96 | C141: 2 | D141: =C141/$C$144 -> 0.00069492703 | E141: 568527.34 | F141: =E141/$E$144 -> 0.0011896763
A142: 9 to < 12 | B142: 0 | C142: 0 | D142: =C142/$C$144 -> 0 | E142: 0 | F142: =E142/$E$144 -> 0
A143: ≥ 12 | B143: 0 | C143: 0 | D143: =C143/$C$144 -> 0 | E143: 0 | F143: =E143/$E$144 -> 0
A144: Total | B144: =SUM(B136:B143) -> 37578.66 | C144: =SUM(C136:C143) -> 2878 | D144: =SUM(D136:D143) -> 1 | E144: =SUM(E136:E143) -> 4.7788405e+08 | F144: =SUM(F136:F143) -> 1
...

Sheet Part 3 Triggers & Glossary
A1: ='Part 1 and 2 Reporting data'!A3 -> September 2026
A3: Ratings and Triggers
A6: Rating Based Triggers
A7: Transaction Party | C7: Counterparty | E7: Required Long Term Rating (Fitch/Moody's) | F7: Current Long Term Rating (Fitch/Moody's) | H7: Required Short Term Rating (Fitch/Moody's) | I7: Current Short Term Rating (Fitch/Moody's) | K7: Status | L7: Consequences
A8: Issuer Account Bank and Custodian | C8: The Bank of New York Mellon, London Branch | E8: A/A1 | F8: AA-/Aa3 | H8: F1/P-1 | I8: F1+/P-1 | K8: Pass | L8: The Issuer and the Issuer Account Bank and/or or the Custodian, as applicable shall use all reasonable endeavours to, within 60 calendar days following the first day on which such downgrade occurred, either:
L9: (i) close the relevant Bank Accounts (as applicable) held with the Issuer Account Bank and/or Custodian, and open replacement accounts with a financial institution (ii) obtain a guarantee of the obligations of such Issuer Account Bank or the Custodian, as applicable, under this Agreement from a financial institution having all of the Account Bank Required Ratings; or (iii) take such other reasonable actions as may be required to ensure that the then current rating of the Class A Notes are not adversely affected by the Issuer Account Bank or the Custodian, as applicable, ceasing to have all of the Account Bank Required Ratings; or (iv) take such other reasonable actions as the Rating Agencies may agree will not result in any of the Rating Agencies downgrading the current rating assigned to the Class A Notes or withdrawing, qualifying or putting such current rating assigned to any Class or Classes of Debt on a negative outlook . Provided that, in the cases of each of (i) to (iv) (inclusive) above, the Rating Agencies confirm that the then current rating of the Class A Notes would not be adversely affected thereby.
A10: Interest Rate Swap Providers | C10: TSB Bank Plc / Lloyds Bank Corporate Markets plc
D13: Moody's First Trigger | E13: - /A3(cr) | F13: - /A1(cr) (-/A1(cr)) | K13: Pass | L13: If at least 30 business days have elapsed since the last time the Swap Provider had the required rating, the Swap Provider must, if required, post collateral and may either (i) transfer its rights and obligations under the relevant Swap Agreement to an appropriately rated replacement third party, or (ii) procure a guarantee from an appropriately rated third party. A failure by the Swap Provider to take such steps will, in certain circumstances, allow the Issuer to terminate the relevant Swap Agreement.
D14: Moody's Second Trigger | E14: - /Baa1(cr) | F14: - /A1(cr) (-/A1(cr)) | K14: Pass | L14: If a Swap Provider does not have the required rating, the Swap Provider must, within 30 business days, either (i) transfer its rights and obligations under the relevant Swap Agreement to an appropriately rated replacement third party, or (ii) procure a guarantee from an appropriately rated third party.
D16: Fitch First Trigger | E16: A/ - | F16: (AA/-) | H16: F1/ - | L16: The Swap Provider must provide collateral within 14 calendar days unless, it either (i) transfers its obligations in respect of the relevant Swap to an entity that is eligible to be a swap provider under the Fitch ratings criteria, (ii) obtains a guarantee or co-obligation in respect of the relevant Swap from an entity with the required Unsupported Minimum Counterparty Ratings, or (iii) takes such other action as will maintain, or restore, the rating of the highest class of Rated Notes by Fitch, within 60 days.
D17: Fitch Second Trigger | E17: BBB+/ - | F17: (AA/-) | H17: F2/ - | L17: The Swap Provider must, within 60 calendar days, either (i) transfer its obligations in respect of the relevant Swap to an entity that is eligible to be a swap provider under the Fitch ratings criteria, (ii) obtain a guarantee or co-obligation in respect of the relevant Swap from an entity with the required Unsupported Minimum Counterparty Ratings, or an entity with the Supported Minimum Counterparty Ratings or (iii) take such other action as will maintain, or restore, the rating of the highest class of Rated Notes by Fitch. Whilst this process is ongoing the Swap Provider must also provide collateral within 14 calendar days or if collateral has previously been provided, continue to provide collateral.
A18: =A1 -> September 2026
A20: Ratings and Triggers
A23: Non Rating Based Triggers
A25: Nature of Trigger | C25: Summary | I25: Prospectus Ref. | K25: Status | L25: Consequence
A26: Seller | C26: The occurrence of any of the following: | I26: p. 98 / 99 | L26: The Issuer will be entitled to effect legal transfer of the Loans by making the required registrations and serving notice on the Borrowers.
C27: (a) the Seller is required to perfect transfer of legal title to the Loans and their Related Security (i) by an order of a court of competent jurisdiction or (ii) by any regulatory authority of which the Seller is a member and with whose instructions the Seller is required to comply, | K27: Pass
C28: (b) it becomes necessary by law for the Issuer to perfect legal title to the Loans and their Related Security, | K28: Pass
C29: (c) the Seller calling for perfection by serving notice in writing to that effect on the Issuer and the Security Trustee, | K29: Pass
C30: (d) the security under the Deed of Charge or any material part of that security is, in the opinion of the Security Trustee, in jeopardy and the Security Trustee is required by the Note Trustee, on behalf of the Noteholders so long as any Notes are outstanding, or the other Secured Creditors if no Notes are then outstanding, to take action to reduce that jeopardy, | K30: Pass
C31: (e) a Seller Insolvency Event, or | K31: Pass
C32: (f) the Seller is in breach of its obligations under the Mortgage Sale Agreement, but only if such breach, where capable of remedy, is not remedied to the reasonable satisfaction of (prior to the delivery of a Note Acceleration Notice) the Issuer or (after the (f) delivery of a Note Acceleration Notice) the Security Trustee (acting in accordance with the Deed of Charge) within 90 calendar days
A33: Servicer Termination Event | C33: The occurrence of any of the following: | I33: p.100 | L33: (a) Following the occurrence of a Servicer Termination Event, the Issuer may terminate the appointment of the Servicer under the Servicing Agreement and transfer servicing to a replacement servicer. (b) The Servicer may also resign its appointment on no less than 12 months’ written notice to, among others, the Issuer and the Security Trustee with a copy being sent to the Rating Agencies provided that (i) the Issuer and the Security Trustee consent to such termination, (ii) a replacement servicer qualified to act as such under the FSMA and the CCA and with a management team with experience of servicing residential mortgages in the United Kingdom has been appointed and enters into a servicing agreement with the Issuer on substantially the same terms as the Servicing Agreement, and (iii) the resignation has no adverse effect on the then current ratings of the Class A Notes unless the Noteholders agree otherwise by Extraordinary Resolution.
C34: (a) the Servicer defaults in the payment on the due date of any payment due and payable by it under the Servicing Agreement and such default continues unremedied for a period of seven Business Days after the earlier of the Servicer becoming aware of such default and receipt by the Servicer of written notice from the Issuer, the Seller or the Security Trustee, as the case may be, requiring the same to be remedied; | K34: Pass
C35: (b) the Servicer defaults in the performance or observance of any of its other covenants and obligations under the Servicing Agreement, which failure in the reasonable opinion of the Issuer (prior to the delivery of a Note Acceleration Notice) or the Security Trustee (after the delivery of a Note Acceleration Notice) is materially prejudicial to the interests of the Noteholders, and the Servicer does not remedy that failure within 20 Business Days after the earlier of the Servicer becoming aware of the failure and receipt by the Servicer of written notice from the Issuer, the Seller or the Security Trustee requiring the Servicer’s non-compliance to be remedied; | K35: Pass
C36: (c) the Servicer fails to obtain or maintain the necessary licences or regulatory approvals enabling it to continue to service the Loans; or | K36: Pass
C37: (d) an insolvency event occurs in relation to the Servicer. | K37: Pass
A38: =A18 -> September 2026
A40: Ratings and Triggers
A43: Non Rating Based Triggers
A45: Event | C45: Summary | I45: Prospectus Ref. | K45: Status | L45: Consequence
A46: Cash Manager Termination Event | C46: The occurrence of any of the following: | I46: p.101 | L46: (a) Following the occurrence of a Cash Manager Termination Event, the Issuer or the Security Trustee may terminate the appointment of the Cash Manager under the Cash Management Agreement and transfer cash management services to a replacement cash manager. (b) The Cash Manager may also resign its appointment on no less than 12 months’ written notice to, among others, the Issuer, the Seller and the Security Trustee provided that (i) the Security Trustee provides prior written approval, (ii) a replacement Cash Manager with cash management experience has been appointed and enters into a cash management agreement with the Issuer on substantially the same terms as the Cash Management Agreement, and (iii) the resignation has no adverse effect on the then current ratings of the Class A Notes unless the Controlling Class otherwise directs.
C47: (a) the Cash Manager defaults in the payment on the due date of any payment due and payable by it under the Cash Management Agreement and such default continues unremedied for a period of seven Business Days after the earlier of the Cash Manager becoming aware of such default and receipt by the Cash Manager of written notice from the Issuer or the Security Trustee, as the case may be, requiring the same to be remedied; | K47: Pass
C48: (b) the Cash Manager defaults in the performance or observance of any of its other covenants and obligations under the Cash Management Agreement, which failure in the reasonable opinion of the Issuer (prior to the delivery of a Note Acceleration Notice) or the Security Trustee (after the delivery of a Note Acceleration Notice) is materially prejudicial to the interests of the Noteholders, and the Cash Manager does not remedy that failure within 20 Business Days after the earlier of the Cash Manager becoming aware of the failure and receipt by the Cash Manager of written notice from the Issuer or the Security Trustee requiring the Cash Manager’s non-compliance to be remedied; or | K48: Pass
C49: (c) an insolvency event occurs in relation to the Cash Manager. | K49: Pass
A50: Revolving Period Termination Event | C50: The occurrence of: (i) an Event of Default; (ii) a Portfolio Eligibility Trigger; or (iii) the occurrence of a Principal Ledger Threshold Event. | I50: p.101 / 102 | K50: Pass | L50: Available Principal Receipts will be applied in accordance with the following priority of payments on an Interest Payment Date: (a) first, in or towards repayment of the principal amounts outstanding on the Class A Notes until the Principal Amount Outstanding on the Class A Notes has been reduced to zero; (b) second, in or towards repayment of the principal amounts outstanding on the Subordinated Note until the Principal Amount Outstanding on the Subordinated Note has been reduced to zero; and (c) third, to pay any Deferred Consideration in accordance with the Mortgage Sale Agreement in respect of the Loans sold to the Issuer from time to time to the Seller.
A56: Event of Default | C56: The occurrence of a Senior Note Event of Default and/ or Subordinated Note Event of Default | I56: p.28 | K56: Pass
A57: Portfolio Eligibility Trigger | C57: Portfolio Eligibility Trigger means the occurrence of any one of the following events: | I57: p.39 | K57: Pass
C58: (a) the Step-Up Date; (b) a Seller Insolvency Event;
C59: (c) an unremedied breach by the Seller of any of its obligations under the Transaction Documents, which breach has (or, with the passage of time, would have) a Material Adverse Effect;
C60: (d) following the application of the Pre-Enforcement Revenue Priority of Payments on an Interest Payment Date, the balance recorded to the Subordinated Note Principal Deficiency Ledger is in excess of 10 per cent. of the aggregate Principal Amount Outstanding of all Notes as at that Interest Payment Date;
C61: (e) the Liquidity Reserve Fund are not fully funded to the Liquidity Reserve Fund Required Amount on an Interest Payment Date following the application of the Pre-Enforcement Revenue Priority of Payments;
C62: (f) the aggregate Current Balance of the Loans in the Portfolio which are then in arrears for 3 months or more or is greater than or equal to 3 per cent. of the aggregate Current Balance of all Loans in the Portfolio as at any Interest Payment Date.
A63: Principal Ledger Threshold Event | C63: Principal Ledger Threshold Event occurs when amounts standing to the credit of the Principal Ledger (excluding any New Portfolio Purchase Price amounts payable by the Issuer) prior to the application of the Pre-Enforcement Principal Priority of Payments exceed the Principal Ledger Maximum Amount both on a relevant Interest Payment Date and on the immediately preceding Interest Payment Date. | I63: p.39 | K63: Pass
A64: =A1 -> September 2026
A66: Glossary
A68: Arrears | C68: Arrears are calculated in accordance with standard market practice in the UK. A mortgage is identified as being in arrears when, on any due date, the overdue amounts which were due on previous due dates equal, in the aggregate, one or more full monthly payments. In making an arrears determination, the servicer calculates as of the date of determination the difference between the sum of all monthly payments that were due and payable by a borrower on any due date up to that date of determination (less the aggregate amount of all authorised underpayments made by such borrower up to such date of determination) and the sum of all payments actually made by that borrower up to that date of determination. If the result arrived at by dividing that difference (if any) by the amount of the required monthly payment equals or exceeds 1 the account is deemed to be in arrears. Arrears classification is determined based on the number of equivalent full current monthly payments that have been missed. A borrower that has missed payments that in the aggregate equal or exceeding 2 monthly payments (but for which the aggregate of missed payments is less than 3 monthly payments) would be classified as being 2 to <3 months in arrears, and so on.
A70: Arrears Capitalisation Policy | C70: TSB will consider capitalising arrears where a customer has made at least 6 consecutive full repayments since the last missed payment and the customer has provided consent for the capitalisation.
A72: Constant Default Rate (CDR) | C72: The default rate in the month is calculated as follows: 1-(1-(balance of loans that have fallen >= 3 monthly payments outstanding in the month/portfolio balance at the start of the month))^12). The annualised default rate since transaction close is calculated as the average of all of the monthly annualised CDRs since transaction close expressed as a percentage.
A74: Constant Prepayment Rate (CPR) | C74: Monthly CPR on that calculation date means the total unscheduled principal receipts received during the period of one month ending on that calculation date divided by the aggregate current balance of the loans comprised in the portfolio as at the immediately preceding calculation date. Unscheduled Principal Repayments comprise payments from TSB for the repurchase of loans from the portfolio, and capital repayments and redemptions other than those received at the expected term end date of the loan. These are annualised using the formula: 1-((1-M)^12) where M is the monthly CPR expressed as a percentage. Quarterly CPR - The average of the three most recent monthly annualised CPRs expressed as a percentage. CPR Since Transaction Close - The average of all of the monthly annualised CPRs since transaction close expressed as a percentage.
A76: Current Balance | C76: Means, in relation to any loan at any date, the aggregate balance of the loan at such date (but avoiding double counting) including: (a) the Initial Advance; (b) any increase in the principal amount of a loan due to any further advance; (c) capitalised expenses; (d) capitalised interest; and (e) all expenses charges, fees, premium or payment due and owing by the borrower which have not yet been capitalised (including accrued interest, arrears of interest, high loan-to-value fees, insurance premiums, booking fees and valuation fees), in each case, relating to such loan less all prepayments, repayments or payments of any of the foregoing made on or prior to such date, and, in relation to the portfolio, the aggregate of the Current Balances of each loan in the portfolio.
A78: Excess Spread | C78: Excess spread is the available revenue receipts after the payment of senior fees, interest on the notes, payments/receipts under the swaps and replenishment of the reserve fund.
A79: FSCS | C79: Financial Services Compensation Scheme. This is the UK’s statutory compensation scheme for customers of authorised financial services firms.
A81: FSCS Limit | C81: The FSCS compensation limit is currently £120,000
A83: Geographic Analysis | C83: The geographic analysis is prepared based on the Economic Planning Regions
A85: Indexed LTV | C85: The aggregate Current Balance of all loans within a mortgage account divided by the indexed valuation of the property securing the loans in that mortgage account at the reporting date.
A87: Indexed Valuation | C87: Indexation is applied on a regional basis to property valuations on a quarterly basis in January, April, July and October of each year using the Halifax House Price Index published by Markit Group Limited, using their original methodology.
A89: LCR | C89: Liquidity Coverage Ratio.
... A93: Losses | C93: All realised losses in respect of a Loan, including any loss arising as a result of an exercise of any set-off by the relevant Borrower. Duncan Funding is only entitled to recoveries which have not been cured by Excess Spread.
A94: =A1 -> September 2026
A96: Glossary
A98: Mortgage Account / Loan | C98: A mortgage account consists of one or more loans secured, by way of equal ranking first charge, on the same property and thereby forming a single mortgage account.
A100: Mortgage Collections | C100: All cash receipts on a mortgage within the portfolio excluding monies paid by TSB in respect of loans repurchased from the portfolio.
A102: Mortgage Yield | C102: Mortgage yield is defined as the total revenue receipts generated by the mortgage assets in the period divided by the average mortgage balance for the period. Post swap yield is after taking into account receipts/ payment under the Interest Rate Swap
A104: Origination Channel | C104: The origination channel of each account (which reflects the first loan opened on an account). Direct origination includes loans originated in branches, direct telephone sales and internet sales.
A106: Original LTV | C106: Based on the original amount advanced on the date of the origination of the initial loan (excluding capitalised interest, high LTV fees, insurance fees, booking fees and valuation fees), divided by the value of the property securing the loans in that mortgage account at that date.
A108: Principal Prepayment Rate (PPR) | C108: Monthly PPR on any calculation date means the total scheduled and unscheduled principal receipts received during the period of one month ending on that calculation date divided by the aggregate current balance of the loans comprised in the portfolio as at the immediately preceding calculation date. These are annualised using the formula: 1-((1-M)^12) where M is the monthly PPR expressed as a percentage. Quarterly PPR - The average of the three most recent monthly annualised PPRs expressed as a percentage. PPR Since Transaction Close - The average of all of the monthly annualised PPRs since transaction close expressed as a percentage.
A110: Purpose of Loan | C110: Whether the purpose of the initial originated loan on the mortgage was to finance the purchase of a new property, remortgage a property already owned by the borrower or release equity on an unencumbered property.
A112: Weighted Average (WA) | C112: Unless otherwise stated all weighted average calculations are weighted by current balance.
A114: Weighted Average Loss Severity | C114: Weighted Average Loss Severity is calculated as period loss divided by the current loan balance, weighted by the current loan balance of loans on which losses have been realised.
A116: Weighted Average Margin | C116: Weighted Average Margin for variable rate is calculated as weighted average interest rate less Bank of England Base Rate.
M267: 0.0225 | N267: 42617
M268: 0.0374 | N268: 42614
G367: =SUM(G359:G366) -> 0 | H367: =SUMPRODUCT(G359:G366,H359:H366)/SUM(G359:G366) -> #DIV/0!

Sheet Sheet3
A1: LOOKUP FOR TREND | B1: BANDS: GRAPHS/TREND | C1: RESULTS GRPAHS/TREND | D1: LOOKUPS FOR IR
A2: DO NOT OVER-WRITE UNLESS YOU ARE CHANGING IR REPORT DISCLOSURES
D4: UPDATE --->
C101: MONTHLY INPUT: Current month end BoE BBR --> | D101: 0.0375
A115: ='Part 1 and 2 Reporting data'!A114 -> Constant Prepayment Rate (CPR) - Annualised | B115: ='Part 1 and 2 Reporting data'!C115 -> Single month
A116: =A115 -> Constant Prepayment Rate (CPR) - Annualised | B116: ='Part 1 and 2 Reporting data'!C116 -> Quarterly
A117: =A116 -> Constant Prepayment Rate (CPR) - Annualised | B117: ='Part 1 and 2 Reporting data'!C117 -> Since Transaction Close
A119: ='Part 1 and 2 Reporting data'!A118 -> Principal Payment Rate (PPR) - Annualised | B119: ='Part 1 and 2 Reporting data'!C119 -> Single month
A120: =A119 -> Principal Payment Rate (PPR) - Annualised | B120: ='Part 1 and 2 Reporting data'!C120 -> Quarterly
A121: =A120 -> Principal Payment Rate (PPR) - Annualised | B121: ='Part 1 and 2 Reporting data'!C121 -> Since Transaction Close
A123: ='Part 1 and 2 Reporting data'!A122 -> Constant Default Rate (CDR) - Annualised | B123: ='Part 1 and 2 Reporting data'!C123 -> Single month
A124: =A123 -> Constant Default Rate (CDR) - Annualised | B124: ='Part 1 and 2 Reporting data'!C124 -> Quarterly
A125: =A124 -> Constant Default Rate (CDR) - Annualised | B125: ='Part 1 and 2 Reporting data'!C125 -> Since Transaction Close
A129: ='Part 1 and 2 Reporting data'!A127 -> Set Off Balances | B129: ='Part 1 and 2 Reporting data'!A129 -> Deposit Balances
A130: =A129 -> Set Off Balances | B130: ='Part 1 and 2 Reporting data'!A130 -> Deposit capped at mortgage balance
A131: =A130 -> Set Off Balances | B131: ='Part 1 and 2 Reporting data'!A131 -> Deposit over FSCS limit
A136: ='Part 1 and 2 Reporting data'!A135 -> Month(s) In Arrears | B136: =D136 -> Current | D136: Current
A137: =A136 -> Month(s) In Arrears | B137: =D137 -> 0-1 month in arrears | D137: 0-1 month in arrears
A138: =A137 -> Month(s) In Arrears | B138: =D138 -> 1-2 month in arrears | D138: 1-2 month in arrears
A139: =A138 -> Month(s) In Arrears | B139: =D139 -> 2-3 month in arrears | D139: 2-3 month in arrears
A140: =A139 -> Month(s) In Arrears | B140: =D140 -> 3-6 month in arrears | D140: 3-6 month in arrears
A141: =A140 -> Month(s) In Arrears | B141: =D141 -> 6-9 month in arrears | D141: 6-9 month in arrears
A142: =A141 -> Month(s) In Arrears | B142: =D142 -> 9-12 month in arrear | D142: 9-12 month in arrear
A143: =A142 -> Month(s) In Arrears | B143: =D143 -> 12+ months in arrears | D143: 12+ months in arrears
A151: ='Part 1 and 2 Reporting data'!A150 -> Geographic Analysis | B151: ='Part 1 and 2 Reporting data'!A151 -> East of England
A152: =A151 -> Geographic Analysis | B152: ='Part 1 and 2 Reporting data'!A152 -> East Midlands
A153: =A152 -> Geographic Analysis | B153: ='Part 1 and 2 Reporting data'!A153 -> Greater London
A154: =A153 -> Geographic Analysis | B154: ='Part 1 and 2 Reporting data'!A154 -> North East
A155: =A154 -> Geographic Analysis | B155: ='Part 1 and 2 Reporting data'!A155 -> North West
A156: =A155 -> Geographic Analysis | B156: ='Part 1 and 2 Reporting data'!A156 -> Scotland
A157: =A156 -> Geographic Analysis | B157: ='Part 1 and 2 Reporting data'!A157 -> South East
A158: =A157 -> Geographic Analysis | B158: ='Part 1 and 2 Reporting data'!A158 -> South West
A159: =A158 -> Geographic Analysis | B159: ='Part 1 and 2 Reporting data'!A159 -> Wales
A160: =A159 -> Geographic Analysis | B160: ='Part 1 and 2 Reporting data'!A160 -> West Midlands
A161: =A160 -> Geographic Analysis | B161: ='Part 1 and 2 Reporting data'!A161 -> Yorkshire/Humberside
A166: ='Part 1 and 2 Reporting data'!A165 -> Indexed Loan to Value Ratios | B166: 0-50 | C166: ='Part 1 and 2 Reporting data'!F166 -> 0.25778072 | D166: ="_"&'Part 1 and 2 Reporting data'!A166 -> _0-50%
A167: =A166 -> Indexed Loan to Value Ratios | B167: 50-70 | C167: =SUM('Part 1 and 2 Reporting data'!F167:F170) -> 0.39514115 | D167: ="_"&'Part 1 and 2 Reporting data'!A167 -> _50-55%
A168: =A167 -> Indexed Loan to Value Ratios | B168: 70-80 | C168: =SUM('Part 1 and 2 Reporting data'!F171:F172) -> 0.24756485 | D168: ="_"&'Part 1 and 2 Reporting data'!A168 -> _55-60%
A169: =A168 -> Indexed Loan to Value Ratios | B169: 80-85 | C169: ='Part 1 and 2 Reporting data'!F173 -> 0.08283107 | D169: ="_"&'Part 1 and 2 Reporting data'!A169 -> _60-65%
A170: =A169 -> Indexed Loan to Value Ratios | B170: 85-90 | C170: ='Part 1 and 2 Reporting data'!F174 -> 0.016277069 | D170: ="_"&'Part 1 and 2 Reporting data'!A170 -> _65-70%
A171: =A170 -> Indexed Loan to Value Ratios | B171: 90-95 | C171: ='Part 1 and 2 Reporting data'!F175 -> 0.00040513928 | D171: ="_"&'Part 1 and 2 Reporting data'!A171 -> _70-75%
A172: =A171 -> Indexed Loan to Value Ratios | B172: 95-100 | C172: ='Part 1 and 2 Reporting data'!F176 -> 0 | D172: ="_"&'Part 1 and 2 Reporting data'!A172 -> _75-80%
A173: =A172 -> Indexed Loan to Value Ratios | B173: Over 100 | C173: ='Part 1 and 2 Reporting data'!F177 -> 0 | D173: ="_"&'Part 1 and 2 Reporting data'!A173 -> _80-85%
D174: ="_"&'Part 1 and 2 Reporting data'!A174 -> _85-90%
D175: ="_"&'Part 1 and 2 Reporting data'!A175 -> _90-95%
D176: ="_"&'Part 1 and 2 Reporting data'!A176 -> _95-100%
D177: _100-105%
D178: _105-110%
D179: _110-125%
D180: _125%+
A182: ='Part 1 and 2 Reporting data'!A181 -> Original Loan to Value Ratios | B182: 0-50 | C182: ='Part 1 and 2 Reporting data'!F182 -> 0.10938822 | D182: ="_"&'Part 1 and 2 Reporting data'!A182 -> _0-50%
A183: =A182 -> Original Loan to Value Ratios | B183: 50-70 | C183: =SUM('Part 1 and 2 Reporting data'!F183:F186) -> 0.20451101 | D183: ="_"&'Part 1 and 2 Reporting data'!A183 -> _50-55%
A184: =A183 -> Original Loan to Value Ratios | B184: 70-80 | C184: =SUM('Part 1 and 2 Reporting data'!F187:F188) -> 0.23991556 | D184: ="_"&'Part 1 and 2 Reporting data'!A184 -> _55-60%
A185: =A184 -> Original Loan to Value Ratios | B185: 80-85 | C185: ='Part 1 and 2 Reporting data'!F189 -> 0.19433338 | D185: ="_"&'Part 1 and 2 Reporting data'!A185 -> _60-65%
A186: =A185 -> Original Loan to Value Ratios | B186: 85-90 | C186: ='Part 1 and 2 Reporting data'!F190 -> 0.21964674 | D186: ="_"&'Part 1 and 2 Reporting data'!A186 -> _65-70%
A187: =A186 -> Original Loan to Value Ratios | B187: 90-95 | C187: ='Part 1 and 2 Reporting data'!F191 -> 0.032205099 | D187: ="_"&'Part 1 and 2 Reporting data'!A187 -> _70-75%
A188: =A187 -> Original Loan to Value Ratios | B188: 95-100 | C188: ='Part 1 and 2 Reporting data'!F192 -> 0 | D188: ="_"&'Part 1 and 2 Reporting data'!A188 -> _75-80%
A189: =A188 -> Original Loan to Value Ratios | B189: Over 100 | C189: ='Part 1 and 2 Reporting data'!F193 -> 0 | D189: ="_"&'Part 1 and 2 Reporting data'!A189 -> _80-85%
D190: ="_"&'Part 1 and 2 Reporting data'!A190 -> _85-90%
D191: ="_"&'Part 1 and 2 Reporting data'!A191 -> _90-95%
D192: ="_"&'Part 1 and 2 Reporting data'!A192 -> _95-100%
D193: _100-105%
D194: _105-110%
D195: _110-125%
D196: _125%+
A205: ='Part 1 and 2 Reporting data'!A204 -> Seasoning of Loans | B205: 0 - 11 | D205: ="_"&'Part 1 and 2 Reporting data'!A205 -> _0 to <12 months
A206: =A205 -> Seasoning of Loans | B206: 12-23 | D206: ="_"&'Part 1 and 2 Reporting data'!A206 -> _12 to <24 months
A207: =A206 -> Seasoning of Loans | B207: 24 - 35 | D207: ="_"&'Part 1 and 2 Reporting data'!A207 -> _24 to <36 months
A208: =A207 -> Seasoning of Loans | B208: 36 - 47 | D208: ="_"&'Part 1 and 2 Reporting data'!A208 -> _36 to <48 months
A209: =A208 -> Seasoning of Loans | B209: 48 - 59 | D209: ="_"&'Part 1 and 2 Reporting data'!A209 -> _48 to <60 months
A210: =A209 -> Seasoning of Loans | B210: 60 - 71 | D210: ="_"&'Part 1 and 2 Reporting data'!A210 -> _60 to <72 months
A211: =A210 -> Seasoning of Loans | B211: 72 - 83 | D211: ="_"&'Part 1 and 2 Reporting data'!A211 -> _72 to <84 months
A212: =A211 -> Seasoning of Loans | B212: 84 - 95 | D212: ="_"&'Part 1 and 2 Reporting data'!A212 -> _84 to <96 months
A213: =A212 -> Seasoning of Loans | B213: 96 - 107 | D213: ="_"&'Part 1 and 2 Reporting data'!A213 -> _96 to <108 months
A214: =A213 -> Seasoning of Loans | B214: 108 - 119 | D214: ="_"&'Part 1 and 2 Reporting data'!A214 -> _108 to <120 months
A215: =A214 -> Seasoning of Loans | B215: 120 + | D215: _120 to <150 Months
D216: _150 to <180 Months
D217: _>=180 Months
A220: ='Part 1 and 2 Reporting data'!A219 -> Years to Maturity | B220: 0 to <2.5 | D220: ="_"&'Part 1 and 2 Reporting data'!A220 -> _0 to < 2.5 years
A221: =A220 -> Years to Maturity | B221: 2.5 to <5 | D221: ="_"&'Part 1 and 2 Reporting data'!A221 -> _2.5 to < 5 years
A222: =A221 -> Years to Maturity | B222: 5 to <10 | D222: ="_"&'Part 1 and 2 Reporting data'!A222 -> _5 to <10 years
A223: =A222 -> Years to Maturity | B223: 10 to <15 | D223: ="_"&'Part 1 and 2 Reporting data'!A223 -> _10 to <15 years
A224: =A223 -> Years to Maturity | B224: 15 to <20 | D224: ="_"&'Part 1 and 2 Reporting data'!A224 -> _15 to <20 years
A225: =A224 -> Years to Maturity | B225: 20 to <25 | D225: ="_"&'Part 1 and 2 Reporting data'!A225 -> _20 to <25 years
A226: =A225 -> Years to Maturity | B226: 25 to <30 | D226: ="_"&'Part 1 and 2 Reporting data'!A226 -> _25 to <30 years
A227: =A226 -> Years to Maturity | B227: 30+ | D227: ="_"&'Part 1 and 2 Reporting data'!A227 -> _>=30 years
D232: _< £5,000
A233: ='Part 1 and 2 Reporting data'!A231 -> Outstanding Balances | B233: 0 - 49,999 | C233: =SUM('Part 1 and 2 Reporting data'!F232:F233) -> 0.018863749 | D233: ='Part 1 and 2 Reporting data'!A233 -> £25,000 to < £50,000
A234: =A233 -> Outstanding Balances | B234: 50,000 - 99,999 | C234: =SUM('Part 1 and 2 Reporting data'!F234:F235) -> 0.092853849 | D234: ='Part 1 and 2 Reporting data'!A234 -> £50,000 to < £75,000
A235: =A234 -> Outstanding Balances | B235: 100,000 - 149,999 | C235: ='Part 1 and 2 Reporting data'!F236 -> 0.16711405 | D235: ='Part 1 and 2 Reporting data'!A235 -> £75,000 to < £100,000
A236: =A235 -> Outstanding Balances | B236: 150,000 - 249,999 | C236: =SUM('Part 1 and 2 Reporting data'!F237:F238) -> 0.33464561 | D236: ='Part 1 and 2 Reporting data'!A236 -> £100,000 to < £150,000
A237: =A236 -> Outstanding Balances | B237: 250,000 - 349,999 | C237: =SUM('Part 1 and 2 Reporting data'!F239:F240) -> 0.21557361 | D237: ='Part 1 and 2 Reporting data'!A237 -> £150,000 to < £200,000
A238: =A237 -> Outstanding Balances | B238: 350,000+ | C238: =SUM('Part 1 and 2 Reporting data'!F241:F248) -> 0.17094913 | D238: ='Part 1 and 2 Reporting data'!A238 -> £200,000 to < £250,000
D239: ='Part 1 and 2 Reporting data'!A239 -> £250,000 to < £300,000
D240: ='Part 1 and 2 Reporting data'!A240 -> £300,000 to < £350,000
D241: ='Part 1 and 2 Reporting data'!A241 -> £350,000 to < £400,000
D242: ='Part 1 and 2 Reporting data'!A242 -> £400,000 to < £450,000
D243: ='Part 1 and 2 Reporting data'!A243 -> £450,000 to < £500,000
D244: ='Part 1 and 2 Reporting data'!A244 -> £500,000 to < £600,000
D245: ='Part 1 and 2 Reporting data'!A245 -> £600,000 to < £700,000
...
